 Dungeon Crawl Stone Soup version 0.23.1 (webtiles) character file.

Game seed: 11976109757263714565

161 1994 the Chiller (level 5, -7/37 HPs)
             Began as a Human Ice Elementalist on Mar 16, 2019.
             Mangled by Blork the orc
             ... wielding a +0 battleaxe
              (10 damage)
             ... on level 3 of the Dungeon.
             The game lasted 00:11:31 (4284 turns).

1994 the Chiller (Human Ice Elementalist)           Turns: 4284, Time: 00:11:31

Health: -7/37      AC: 11    Str:  8    XL:     5   Next: 70%
Magic:  4/9        EV: 12    Int: 17    God:
Gold:   188        SH:  3    Dex: 13    Spells: 3/9 levels left

rFire    . . .     SeeInvis .   i - +0 dagger
rCold    . . .     Gourm    .   (no shield)
rNeg     . . .     Faith    .   j - +0 leather armour
rPois    .         Spirit   .   (no helmet)
rElec    .         Reflect  +   s - +1 cloak
rCorr    .         Harm     .   n - +0 pair of gloves
MR       +....                  (no boots)
Stlth    ++........             o - +3 amulet of reflection
HPRegen  0.12/turn              t - ring of protection from magic
MPRegen  0.11/turn              (no ring)

@: icy armour
A: no striking features
a: no special abilities


You were on level 3 of the Dungeon.
You were not hungry.

You visited 1 branch of the dungeon, and saw 4 of its levels.

You collected 188 gold pieces.

Inventory:

Hand Weapons
 i - a +0 dagger (weapon)
Armour
 a - a +0 robe
 j - a +0 leather armour (worn)
 m - a +0 cloak
 n - a +0 pair of gloves (worn)
 q - a +1 leather armour of cold resistance
 s - a +1 cloak (worn)
Jewellery
 o - a +3 amulet of reflection (around neck)
 t - a ring of protection from magic (left hand)
Scrolls
 b - a scroll of remove curse
 d - a scroll of teleportation {unknown}
 e - a scroll of identify {unknown}
 g - 2 scrolls of noise
 l - a scroll of random uselessness {unknown}
 p - a scroll of enchant armour {unknown}
Potions
 f - 2 potions of mutation {unknown}
 h - 2 potions of degeneration {unknown}
 k - a potion of might {unknown}
 r - a potion of resistance {unknown}
Comestibles
 c - 11 rations
 u - a chunk of flesh


   Skills:
 + Level 1.4 Fighting
 + Level 2.6 Dodging
 - Level 2.0 Stealth
 * Level 2.9 Spellcasting
 * Level 2.2 Conjurations
 + Level 1.0 Charms
 * Level 3.9 Ice Magic


You had 3 spell levels left.
You knew the following spells:

 Your Spells              Type           Power        Failure   Level  Hunger
a - Freeze                Ice            ###.         4%          1    None
b - Throw Frost           Conj/Ice       ##....       11%         2    ##.....
c - Ozocubu's Armour      Chrm/Ice       ##......     28%         3    ###....

Your spell library contained the following spells:

 Spells                   Type           Power        Failure   Level  Hunger
 Beastly Appendage        Tmut           #.....       26%         1    None
 Sticks to Snakes         Tmut           #.......     36%         2    ##.....
 Spider Form              Tmut/Pois      #.........   61%         3    ###....
 Throw Icicle             Conj/Ice       ##......     56%         4    ####...
 Ice Form                 Ice/Tmut       #.......     75%         4    ####...
 Summon Ice Beast         Ice/Summ       #.......     75%         4    ####...
 Blade Hands              Tmut           #.........   100%        5    ######.


Dungeon Overview and Level Annotations

Branches:
Dungeon (4/15)
 Temple: D:4-7

Altars:
Nemelex Xobeh

Annotations:
D:3 Blork the orc


Message History

Aim: a hound (heavily wounded)
You freeze the hound!
You kill the hound!
Your Charms skill increases to level 1!
Casting: Freeze (safe; 4% risk of failure)
Confirm with . or Enter, or press ? or * to list all spells.
You can't see any susceptible monsters within range! (Use Z to cast anyway.)
Casting: Freeze (safe; 4% risk of failure)
Confirm with . or Enter, or press ? or * to list all spells.
Aiming: Freeze (safe; 4% risk of failure)
Press: ? - help, Shift-Dir - straight line You freeze something.
Something hits you!
* * * LOW HITPOINT WARNING * * *
You block something's attack.
Casting: Freeze (safe; 4% risk of failure)
Confirm with . or Enter, or press ? or * to list all spells.
Aiming: Freeze (safe; 4% risk of failure)
Press: ? - help, Shift-Dir - straight line You freeze something.
Something hits you!
You die...

##.......#.........#
#.#
###...#####..#.####
#.# #>..#
##.#.######.# ##.##
#..........# #.#
#.รท.######## #.#
#..># #.# #...#
#.########.##
#.....@....#
############


There were no monsters in sight!

Vanquished Creatures
  A hound (D:3)
  2 worker ants (D:3)
  An ooze (D:1)
  4 worms
  2 dart slugs (D:1)
  3 leopard geckos
  An orc (D:3)
  3 ball pythons
  7 bats
  3 giant cockroaches
  9 goblins
  3 hobgoblins
  4 jackals
  A quokka (D:2)
  6 frilled lizards
  6 kobolds
  7 rats
63 creatures vanquished.

Notes
Turn   | Place    | Note
-------+----------+-------------------------------------------
     0 | D:1      | 1994 the Human Ice Elementalist began the quest for the
                  | Orb.
     0 | D:1      | Reached XP level 1. HP: 13/13 MP: 3/3
     3 | D:1      | Noticed an electric eel
     3 | D:1      | Noticed an electric eel
   195 | D:1      | Reached XP level 2. HP: 15/20 MP: 0/5
   199 | D:1      | Learned a level 2 spell: Throw Frost
   287 | D:1      | Found a sparkling altar of Nemelex Xobeh.
   426 | D:1      | Reached XP level 3. HP: 14/25 MP: 0/6
   744 | D:1      | Learned a level 3 spell: Ozocubu's Armour
   873 | D:1      | Reached skill level 1 in Fighting
  1703 | D:2      | Reached XP level 4. HP: 10/32 MP: 0/7
  3487 | D:4      | Noticed a phantom
  3666 | D:4      | Noticed Blork the orc
  3675 | D:3      | Reached XP level 5. HP: 25/37 MP: 0/9
  4282 | D:3      | Reached skill level 1 in Charms
  4284 | D:3      | Mangled by Blork the orc

Skill      XL: |  1  2  3  4  5 |
---------------+----------------+-----
Fighting       | 1 |  1.4
Conjurations   | 2 |  2.2
Charms         | 1 |  1.0
Dodging        | |  2.6
Stealth        | |  2.0
Spellcasting   | |  2.9
Ice Magic      | |  3.9

Action                   |  1- 3 |  4- 6 || total
-------------------------+-------+-------++-------
Melee: Unarmed           |    23 |       ||    23
       Dagger            |    35 |   102 ||   137
 Cast: Freeze            |    43 |    33 ||    76
       Ozocubu's Armour  |       |     3 ||     3
  Use: Scroll            |     1 |     1 ||     2
 Stab: Sleeping          |     4 |     2 ||     6
  Eat: Chunk             |     3 |     9 ||    12
Armor: Robe              |     7 |       ||     7
       Leather armour    |    21 |    24 ||    45
Dodge: Dodged            |    33 |    77 ||   110
Block: Other             |       |    12 ||    12
